 Dungeon Crawl Stone Soup version 0.19-a0-1170-g18f0c96 (webtiles) character file.

64 jacquesderrida the Bolt Thrower (level 3, -5/31 HPs)
             Began as a Minotaur Wanderer on Aug 17, 2016.
             Slain by an ogre
             ... wielding a +0 giant club
              (27 damage)
             ... on level 4 of the Dungeon.
             The game lasted 00:03:07 (593 turns).

jacquesderrida the Bolt Thrower (Minotaur Wanderer)  Turns: 593, Time: 00:03:09

Health: -5/31      AC:  5    Str: 12 (13) XL:     3   Next: 91%
Magic:  2/2        EV: 10    Int:  8 (11) God:
Gold:   12         SH:  5    Dex:  8 (11) Spells: 0 memorised, 2 levels left

rFire  . . .     SeeInvis .     h - +0 whip
rCold  . . .     Gourm    .     c - +0 ring mail
rNeg   . . .     Faith    .     (no shield)
rPois  .         Spirit   .     (helmet restricted)
rElec  .         Dismiss  .     (no cloak)
rCorr  .         Reflect  +     (no gloves)
MR     .....     Harm     .     (no boots)
Stlth  +.........               l - +5 amulet of reflection
                                (no ring)
                                (no ring)

@: no status effects
A: retaliatory headbutt, horns 2
a: no special abilities


You were on level 4 of the Dungeon.
You were not hungry.

You visited 1 branch of the dungeon, and saw 4 of its levels.

You collected 12 gold pieces.

Inventory:

Hand Weapons
 a - a +2 hand crossbow
 e - a +0 dagger
 h - a +0 whip (weapon)
Missiles
 b - 25 bolts
Armour
 c - a +0 ring mail (worn)
Jewellery
 l - a +5 amulet of reflection (around neck)
Scrolls
 m - a scroll of remove curse {unknown}
 n - 2 scrolls of identify {unknown}
 o - a scroll of immolation {unknown}
 p - a scroll of enchant armour {unknown}
Potions
 d - 2 potions of curing
 i - a potion of flight {unknown}
 j - a potion of lignification {unknown}
Comestibles
 f - a bread ration
 k - 2 beef jerkies
 q - a slice of pizza


   Skills:
 + Level 3.5 Fighting
 + Level 2.6 Maces & Flails
 - Level 5.4 Crossbows
 - Level 1.0 Throwing
 - Level 1.1 Dodging
 - Level 1.5 Stealth


You had 2 spell levels left.
You didn't know any spells.

Dungeon Overview and Level Annotations

Branches:
Dungeon (4/15)
 Temple: D:4-7

Altars:
Gozag


Innate Abilities, Weirdness & Mutations

You reflexively headbutt those who attack you in melee.
You have a pair of horns on your head.


Message History

You swing at nothing.
You swing at nothing.
You swing at nothing.
You swing at nothing.
You swing at nothing.
Wield which item (- for none, * to show all)? (? for menu, Esc to quit)
h - a +0 whip (weapon)
Found an escape hatch in the floor.
q - a slice of pizza
There is an escape hatch in the floor here.
Found a scroll labeled BIECRU JISEG.
An ogre comes into view. It is wielding a giant club.
The ogre shouts!
You aren't carrying any items that you can evoke.
It was a potion of degeneration.
There was something very wrong with that liquid.
You feel weakened.
You feel dopey.
You feel clumsy. The ogre hits you with a giant club!!
Ouch! That really hurt!
You die...

##### #....# ...#
##....#
##.####..?..##
###............#
#............#.#
#.#..####.#....# #
#>.####.#.####
###.#......O#+##
.........####@..##
####..###.##.....##
##.. #.#.......##
#...###..........#
..................+
###................#
#..##.###.......##
#.# #. #......## #.#
#. #.#...##


You could see an ogre.

Vanquished Creatures
  A worker ant (D:4)
  An adder (D:3)
  A worm (D:2)
  A giant gecko (D:1)
  An orc (D:4)
  2 ball pythons
  4 bats
  2 giant cockroaches (D:2)
  2 goblins
  3 jackals (D:4)
  3 kobolds
  A quokka (D:2)
  3 giant newts
  2 rats (D:1)
27 creatures vanquished.

Notes
Turn   | Place    | Note
-------+----------+-------------------------------------------
     0 | D:1      | jacquesderrida the Minotaur Wanderer began the quest for the Orb.
     0 | D:1      | jacquesderrida set off with: a +2 hand crossbow, 26 bolts, a +0 ring mail, a potion of curing, a +0 dagger, a bread ration
     0 | D:1      | Reached XP level 1. HP: 16/16 MP: 0/0
   127 | D:2      | Found an opulent altar of Gozag.
   139 | D:2      | Reached skill level 1 in Maces & Flails
   139 | D:2      | Reached XP level 2. HP: 16/24 MP: 1/1
   277 | D:3      | Reached XP level 3. HP: 23/30 MP: 2/2
   585 | D:4      | Noticed an ogre
   593 | D:4      | Slain by an ogre

Vault maps used:
D:1:      nicolae_arrival_memento_mori, minmay_distorted
D:2:      nicolae_overflow_hidden_temple, st_stairs_14, grunt_gozag_statues
D:3:      wad_pebble_path
D:4:      makhleb_heckhound_becter, first_bread, kennysheep_windowed_goal

Skill      XL: |  1  2  3 |
---------------+----------+-----
Fighting       | 2 3 |  3.5
Maces & Flails | 1 2 |  2.6
Crossbows      | |  5.4
Throwing       | |  1.0
Dodging        | |  1.1
Stealth        | |  1.5

Action                   || total
-------------------------++-------
Melee: Whip              ||    57
       Headbutt          ||    11
 Fire: Hand crossbow     ||    14
  Use: Potion            ||     1
Armor: Ring mail         ||    22
Dodge: Dodged            ||    41
Block: Other             ||    11
       Reflection        ||     1
